 Dungeon Crawl Stone Soup version 0.19.0-19-g8c6edcc (webtiles) character file.

788 Mesmaeker13 the Charmwright (level 7, -10/50 HPs)
             Began as a Demonspawn Skald on Nov 12, 2016.
             Was an Initiate of Makhleb.
             Killed by nerve-wracking pain
             ... invoked by an orc priest
              (14 damage)
             ... on level 4 of the Dungeon.
             The game lasted 00:16:10 (5628 turns).

Mesmaeker13 the Charmwright (Demonspawn Skald)      Turns: 5628, Time: 00:16:11

Health: -10/50     AC:  5    Str: 12    XL:     7   Next: 56%
Magic:  7/13       EV: 13    Int: 16    God:    Makhleb [......]
Gold:   115        SH:  0    Dex: 12    Spells: 3 memorised, 9 levels left

rFire  . . .     SeeInvis .     a - +1 falchion
rCold  . . .     Gourm    .     b - +0 leather armour
rNeg   . . .     Faith    .     (no shield)
rPois  .         Spirit   .     z - +0 helmet
rElec  .         Reflect  .     B - +0 cloak
rCorr  .         Harm     .     (no gloves)
MR     +....                    (no boots)
Stlth  +.........               s - amulet of rage
                                (no ring)
                                (no ring)

@: infused, singing
A: hooves 1, magic resistance 1, screaming 1, rot immunity, sturdy frame 1
a: Renounce Religion, Stop Singing, Evoke Berserk Rage


You were on level 4 of the Dungeon.
You worshipped Makhleb.
Makhleb was noncommittal.
You were not hungry.

You visited 2 branches of the dungeon, and saw 6 of its levels.

You collected 115 gold pieces.

Inventory:

Hand Weapons
 a - a +1 falchion (weapon)
 g - a +1 dagger of freezing
Missiles
 e - 5 tomahawks of returning (quivered)
 f - 7 poisoned needles
 r - a steel tomahawk
Armour
 b - a +0 leather armour (worn)
 h - a +0 scale mail
 z - a +0 helmet (worn)
 B - a +0 cloak (worn)
Jewellery
 s - an amulet of rage (around neck)
Scrolls
 d - a scroll of noise {unknown}
 i - a scroll of recharging
 j - a scroll of magic mapping {unknown}
 m - a scroll of remove curse
 n - a scroll of enchant weapon
 q - a scroll of enchant armour {unknown}
 y - a scroll of immolation {unknown}
 C - a scroll of fog
Potions
 k - 2 potions of flight
 l - a potion of agility {unknown}
 t - a potion of resistance
Books
 c - a book of Battle

   Spells                             Type                      Level
   a - Infusion                       Charms                       1
   b - Shroud of Golubria             Charms/Translocation         2
   c - Song of Slaying                Charms                       2
   d - Spectral Weapon                Hexes/Charms                 3
   e - Regeneration                   Charms/Necromancy            3
 w - a book of Necromancy

   Spells                             Type                      Level
   a - Pain                           Necromancy                   1
   b - Animate Skeleton               Necromancy                   1
   c - Vampiric Draining              Necromancy                   3
   d - Regeneration                   Charms/Necromancy            3
   e - Animate Dead                   Necromancy                   4
   f - Control Undead                 Necromancy                   4
Comestibles
 u - 2 beef jerkies
 v - 2 bread rations


   Skills:
 - Level 2.0 Fighting
 + Level 4.2 Long Blades
 - Level 0.8 Armour
 + Level 3.8 Dodging
 + Level 4.4 Spellcasting
 + Level 4.5 Charms


You had 9 spell levels left.
You knew the following spells:

 Your Spells              Type           Power        Failure   Level  Hunger
a - Infusion              Chrm           ###.         2%          1    None
b - Song of Slaying       Chrm           ###.....     4%          2    ##.....
c - Shroud of Golubria    Chrm/Tloc      ##........   12%         2    ##.....


Dungeon Overview and Level Annotations

Branches:
Dungeon (5/15)             Temple (1/1) D:5

Altars:
Ashenzari
Elyvilon
Fedhas
Hepliaklqana
Kikubaaqudgha
Makhleb
Nemelex Xobeh
Qazlal
Sif Muna
Trog
Vehumet
Xom
The Shining One

Annotations:
D:4 TotoDurand's ghost, amateur GrFi


Innate Abilities, Weirdness & Mutations

You have large cloven feet.
You are immune to rotting.
Your movements are slightly less encumbered by armour. (ER -2)
You are resistant to hostile enchantments. (MR+)
You occasionally shout uncontrollably at your foes.


Message History

The orc priest looks encouraged for a moment.
You see here a stone.
You hit the orc priest.
You kick the orc priest, but do no damage.
The orc priest is heavily wounded.
You hit the orc!
You kill the orc!
Makhleb accepts your kill. The orc barely misses you.
The orc priest closely misses you.
You riposte.
You hit the orc priest but do no damage.
The orc priest is heavily wounded.
You hit the orc priest.
The orc priest is heavily wounded.
The orc barely misses you.
The orc priest hits you with a flail of protection.
* * * LOW HITPOINT WARNING * * *
You closely miss the orc. Your kick misses the orc. The orc closely misses you.
The orc priest calls down the wrath of Beogh upon you.
Pain shoots through your body!
You die...

#................# #... #
#................# #...
##'#................###...
......................'...
....#...............###...
....................# #...
..........########### #...
.......[oo# ####
........)@# .....######
..... . ..


You could see an orc priest and an orc.

Vanquished Creatures
  Sigmund (D:3)
  A phantom (D:3)
  A centaur (D:5)
  A jelly (D:5)
  2 orc wizards
  An orc priest (D:5)
  Jessica (D:3)
  Ijyb (D:3)
  Natasha (thrice) (D:3)
  A worker ant (D:5)
  3 gnolls (D:3)
  6 adders
  An ooze (D:1)
  A dart slug (D:1)
  7 leopard geckos
  15 orcs
  7 bats
  3 giant cockroaches
  8 goblins
  10 hobgoblins
  4 jackals
  7 kobolds
  A quokka (D:5)
  2 ball pythons (D:4)
  2 frilled lizards
  8 rats
98 creatures vanquished.

Notes
Turn   | Place    | Note
-------+----------+-------------------------------------------
     0 | D:1      | Mesmaeker13 the Demonspawn Skald began the quest for the Orb.
     0 | D:1      | Reached XP level 1. HP: 16/16 MP: 3/3
   137 | D:1      | Reached skill level 1 in Dodging
   269 | D:1      | Gained mutation: Your movements are slightly less encumbered by armour. (ER -2) [demonic ancestry]
   269 | D:1      | Reached XP level 2. HP: 22/22 MP: 1/5
   833 | D:1      | Gained mutation: You are immune to rotting. [demonic ancestry]
   833 | D:1      | Reached XP level 3. HP: 16/27 MP: 4/6
  1326 | D:2      | Found a faded altar of an unknown god.
  1530 | D:2      | Learned a level 2 spell: Song of Slaying
  1651 | D:2      | Reached XP level 4. HP: 32/33 MP: 5/7
  2384 | D:3      | Noticed Jessica
  2386 | D:3      | Noticed Ijyb
  2518 | D:3      | Noticed Sigmund
  2798 | D:4      | Noticed TotoDurand's ghost (amateur GrFi)
  2824 | D:4      | Noticed a phantom
  2840 | D:3      | Gained mutation: You have large cloven feet. [demonic ancestry]
  2840 | D:3      | Reached XP level 5. HP: 29/38 MP: 9/9
  2849 | D:3      | Killed Sigmund
  2849 | D:3      | Reached XP level 6. HP: 36/44 MP: 5/11
  2894 | D:3      | Killed Ijyb
  3099 | D:3      | Noticed Natasha
  3106 | D:3      | Killed Natasha
  3128 | D:3      | Killed Jessica
  3258 | D:3      | Learned a level 2 spell: Shroud of Golubria
  3264 | D:3      | Noticed Natasha
  3277 | D:3      | Killed Natasha
  3677 | D:3      | Noticed Natasha
  3687 | D:3      | Killed Natasha
  3885 | D:4      | Found a blossoming altar of Fedhas.
  3885 | D:4      | Found a deep blue altar of Sif Muna.
  3885 | D:4      | Found a burning altar of Makhleb.
  4009 | D:5      | Entered Level 5 of the Dungeon
  4164 | D:5      | Reached XP level 7. HP: 50/50 MP: 6/13
  4312 | D:5      | Found a staircase to the Ecumenical Temple.
  4322 | Temple   | Entered the Ecumenical Temple
  4693 | D:5      | Found a shattered altar of Ashenzari.
  4774 | D:5      | Gained mutation: You are resistant to hostile enchantments. (MR+) [potion of mutation]
  4774 | D:5      | Gained mutation: You occasionally shout uncontrollably at your foes. [potion of mutation]
  5535 | D:4      | Became a worshipper of Makhleb the Destroyer
  5628 | D:4      | Killed from afar by an orc priest

Skill      XL: |  1  2  3  4  5  6  7 |
---------------+----------------------+-----
Dodging        | 1 2 3 |  3.8
Long Blades    | 2 3 4 |  4.2
Charms         | 3 4 |  4.5
Spellcasting   | 3 4 |  4.4
Fighting       | |  2.0
Armour         | |  0.8

Action                   |  1- 3 |  4- 6 |  7- 9 || total
-------------------------+-------+-------+-------++-------
Melee: Falchion          |   104 |   153 |    85 ||   342
       Kick              |       |    22 |    15 ||    37
Throw: Tomahawk          |     7 |       |     3 ||    10
 Cast: Infusion          |    13 |    14 |     5 ||    32
       Song of Slaying   |       |     3 |     1 ||     4
       Shroud of Golubri |       |     2 |     3 ||     5
 Abil: Evoke Berserk Rag |       |     1 |       ||     1
  Use: Scroll            |     3 |     1 |     4 ||     8
       Potion            |       |     1 |     3 ||     4
 Stab: Sleeping          |     1 |       |       ||     1
  Eat: Chunk             |     2 |     5 |     3 ||    10
       Bread ration      |       |     1 |       ||     1
       Meat ration       |       |       |     1 ||     1
Armor: Leather armour    |    23 |    30 |    26 ||    79
       Skin              |       |    15 |       ||    15
Dodge: Dodged            |    76 |   107 |    53 ||   236
       Rpst.: Falchion   |    19 |    37 |    13 ||    69
